Map: Ultralove

Players

Cure - Winner!

  • Race: Terran Terran
  • Spawn Location: 1:00

herO

  • Race: Protoss Protoss
  • Spawn Location: 7:00

Event: Esports World Cup 2025

VOD

Have the link to the VOD?

Description

Time

  • Played on: July 23, 2025, 11:29 a.m.
  • Length: 15:57

All games in this series

Show
View Real Time Build Order
Export as new Build Order

Cure Terran - Winner!

Build Orders:  

Get SALT Encoding   

  12  0:00  SCV  
  13  0:12  SCV  
  14  0:17  Supply Depot  
  14  0:24  SCV  
  15  0:38  SCV  
  15  0:39  Barracks  
  16  0:46  Refinery  
  16  0:50  SCV  
  17  1:02  SCV  
  18  1:14  SCV  
  19  1:28  Orbital Command, Marine  
  20  1:46  Command Center, Barracks Reactor  
  20  1:53  SCV  
  21  1:57  Supply Depot  
  21  2:06  SCV  
  22  2:09  Factory  
  22  2:14  Refinery  
  22  2:18  SCV  
  22  2:22  Marine x2  
  25  2:30  SCV  
  26  2:40  Marine x2  
  26  2:42  SCV  
  29  2:53  Starport, Factory Tech Lab  
  29  2:54  SCV  
  29  2:58  Orbital Command  
  30  3:00  Marine x2  
  32  3:06  SCV  
  32  3:12  Cyclone  
  36  3:18  Marine x2  
  38  3:21  SCV  
  38  3:26  SCV  
  40  3:29  Supply Depot  
  40  3:35  Medivac  
  40  3:37  Marine x2  
  40  3:40  SCV  
  46  3:43  Refinery  
  45  3:50  Siege Tank  
  45  3:52  SCV x2  
  45  3:54  Supply Depot, Marine  
  51  4:00  Supply Depot  
  51  4:04  SCV  
  51  4:05  SCV  
  51  4:09  Starport Tech Lab  
  53  4:12  Supply Depot  
  53  4:13  Marine  
  53  4:15  Marine  
  56  4:17  SCV x2  
  57  4:25  Siege Tank  
  57  4:29  SCV x2  
  57  4:30  Banshee  
  65  4:35  Marine x2  
  67  4:43  Supply Depot  
  67  4:44  Cloaking Field  
  68  4:45  SCV x2  
  68  4:48  Supply Depot  
  69  4:53  Marine x2  
  69  4:57  SCV  
  69  4:58  Siege Tank, SCV  
  76  5:06  Supply Depot  
  76  5:09  SCV  
  76  5:10  SCV  
  76  5:11  Marine x2  
  76  5:13  Banshee  
  83  5:22  SCV x2  
  83  5:25  Barracks  
  84  5:32  Marine  
  84  5:33  Marine  
  84  5:34  SCV x2, Siege Tank  
  88  5:40  Bunker  
  87  5:44  Bunker  
  87  5:46  SCV x2  
  87  5:47  Bunker  
  88  5:50  Marine  
  89  6:00  Barracks  
  89  6:01  Marine  
  92  6:06  Siege Tank  
  92  6:07  Banshee  
  92  6:08  Marine  
  92  6:11  Refinery  
  97  6:19  Marine  
  97  6:21  Barracks Tech Lab  
  97  6:22  SCV x2  
  97  6:25  Engineering Bay  
  100  6:26  Supply Depot, Marine  
  91  6:37  Bunker, Marine  
  91  6:38  SCV x2  
  80  6:40  Stimpack, Marine  
  80  6:44  Marine  
  80  6:48  Factory Reactor  
  80  6:50  SCV x2  
  82  6:57  Terran Infantry Weapons Level 1  
  82  6:59  Marine  
  82  7:00  Marauder, Marine, Combat Shield  
  86  7:01  Marine  
  86  7:04  Supply Depot  
  86  7:05  Starport Reactor  
  86  7:08  SCV x2  
  68  7:18  Marauder  
  68  7:20  SCV x2  
  68  7:21  Marauder, Marine x2  
  77  7:30  Widow Mine x2  
  77  7:32  SCV x2  
  77  7:35  Barracks x2  
  78  7:39  Marauder, Marine x2  
  78  7:43  Marauder  
  83  7:44  Viking, SCV x2  
  83  7:45  Viking  
  86  7:55  Missile Turret  
  86  7:57  Marine x2  
  90  7:58  Widow Mine  
  90  7:59  Widow Mine  
  90  8:01  Marauder  
  94  8:09  Command Center  
  94  8:17  Marauder, Marine x2  
  94  8:19  Medivac  
  100  8:22  Marauder  
  100  8:25  SCV x2  
  100  8:27  Medivac  
  103  8:29  Barracks Tech Lab  
  103  8:30  Barracks Reactor  
  103  8:37  SCV x2  
  103  8:40  Concussive Shells  
  105  8:43  Marauder x2  
  109  8:48  Marine  
  109  8:50  Supply Depot x2  
  110  9:11  Marauder, Widow Mine x2, SCV, Medivac  
  110  9:12  Marauder x2, Terran Infantry Armor Level 1  
  123  9:19  Marine x3  
  123  9:20  Marine  
  123  9:33  Marauder x3  
  123  9:36  Medivac  
  123  9:37  Marine x3  
  129  9:39  Ghost Academy  
  129  9:41  SCV  
  130  9:47  SCV  
  128  9:53  SCV  
  128  9:59  Medivac  
  131  10:02  SCV  
  131  10:04  Orbital Command  
  131  10:05  SCV, Medivac  
  135  10:08  Ghost  
  136  10:18  Ghost  
  136  10:19  SCV x2  
  136  10:21  Refinery  
  139  10:22  Refinery  
  139  10:25  Supply Depot  
  139  10:30  Medivac  
  139  10:34  Bunker  
  141  10:45  Marine x2, SCV x2  
  141  10:46  Ghost  
  141  10:47  Marine x4  
  114  11:03  Marine x2  
  82  11:05  Marauder x2, Marine x2, SCV  
  82  11:09  Medivac  
  88  11:13  Medivac  
  88  11:15  SCV  
  89  11:21  Widow Mine  
  89  11:22  SCV x2, Widow Mine  
  93  11:26  Ghost  
  93  11:31  Ghost  
  98  11:39  Marine x4  
  102  11:41  SCV x3  
  102  11:43  Ghost  
  100  11:56  Marauder  
  100  11:57  Marine x4  
  100  12:01  Marauder  
  89  12:02  Widow Mine  
  89  12:04  Orbital Command  
  74  12:08  Widow Mine  
  74  12:12  Marauder, Medivac  
  74  12:13  Medivac  
  74  12:15  Marine x2  
  80  12:18  Marine x2  
  73  12:29  Marauder  
  65  12:36  Marauder  
  67  12:40  Marine x2  
  67  12:43  SCV  
  70  12:46  SCV  
  70  12:47  SCV  
  72  12:52  Ghost  
  75  13:03  Ghost x2  
  81  13:09  Viking  
  83  13:15  Widow Mine  
  85  13:21  Ghost  
  83  13:31  Marine x3  
  83  13:32  Marauder  
  83  13:33  Marauder  
  81  13:38  Marine  
  65  13:50  Marauder  
  65  13:52  Medivac  
  65  13:54  Marauder  
  68  14:04  Marine  
  68  14:06  Marauder  
  68  14:09  Marine x2  
  70  14:12  Marauder  
  72  14:18  Medivac  
  72  14:19  Marauder  
  76  14:25  Marine  
  76  14:28  Marauder  
  77  14:33  Marine  
  77  14:34  Marauder  
  78  14:39  Marine  
  78  14:45  Orbital Command, Marine  
  63  15:02  Medivac  
  65  15:29  SCV x2  
  65  15:32  SCV  
Show
View Real Time Build Order
Export as new Build Order

herO Protoss 

Build Orders: 1 Gate Expand, Blink Stalkers 

Get SALT Encoding   

  12  0:00  Probe  
  13  0:12  Probe  
  14  0:18  Pylon  
  14  0:23  Probe  
  15  0:32  Probe  
  15  0:38  Gateway  
  15  0:40  Probe  
  16  0:47  Assimilator  
  17  0:51  Probe  
  18  1:03  Probe  
  19  1:16  Probe  
  20  1:23  Nexus  
  20  1:33  Cybernetics Core  
  20  1:36  Probe  
  21  1:42  Assimilator  
  21  1:48  Probe  
  21  1:51  Pylon  
  22  1:58  Stalker  
  22  2:00  Probe  
  23  2:10  Warp Gate  
  23  2:12  Probe  
  26  2:19  Adept  
  26  2:24  Probe, Twilight Council  
  29  2:33  Blink  
  29  2:35  Probe  
  29  2:36  Probe  
  31  2:45  Stalker  
  31  2:47  Probe  
  31  2:48  Probe  
  35  2:55  Gateway  
  35  3:03  Probe  
  35  3:04  Probe  
  37  3:15  Probe  
  37  3:16  Probe  
  39  3:27  Gateway  
  39  3:29  Gateway  
  39  3:32  Probe x2  
  41  3:37  Robotics Facility  
  41  3:39  Pylon  
  41  3:46  Probe x2  
  41  3:56  Shield Battery  
  41  3:58  Stalker x2  
  41  4:00  Probe  
  41  4:01  Probe  
  47  4:04  Pylon  
  47  4:12  Probe  
  47  4:13  Probe  
  49  4:20  Assimilator  
  49  4:21  Stalker x2  
  49  4:23  Warp Prism  
  53  4:30  Probe x2  
  57  4:39  Stalker  
  57  4:42  Charge  
  58  4:48  Pylon  
  58  4:52  Pylon  
  58  4:53  Observer  
  59  5:02  Gateway x2  
  59  5:07  Immortal, Stalker, Sentry  
  61  5:08  Zealot x2  
  71  5:32  Zealot x3  
  75  5:36  Pylon x2  
  75  5:39  Stalker  
  75  5:41  Pylon  
  69  5:57  Zealot x5  
  79  6:05  Stalker  
  78  6:19  Zealot x4  
  86  6:29  Observer  
  85  6:46  Stalker  
  86  6:49  Stalker x2  
  86  6:52  Probe  
  86  6:55  Pylon  
  86  7:04  Observer  
  86  7:05  Probe x2  
  79  7:15  Stalker x3  
  72  7:16  Probe  
  72  7:20  Probe  
  65  7:24  Probe  
  65  7:28  Probe  
  65  7:32  Probe  
  66  7:37  Probe  
  66  7:38  Templar Archives  
  66  7:44  Probe  
  67  7:50  Probe  
  69  7:56  Probe  
  70  7:59  Sentry  
  70  8:03  Gateway x2  
  70  8:04  Psionic Storm  
  72  8:06  Gateway  
  72  8:07  Nexus  
  72  8:09  Pylon  
  71  8:14  Probe x2  
  71  8:26  Probe x2  
  71  8:29  High Templar  
  73  8:34  High Templar  
  75  8:43  High Templar  
  75  8:44  Zealot  
  75  8:45  Zealot  
  81  8:58  Probe x2, Zealot x2  
  87  9:08  High Templar  
  87  9:09  Zealot x4  
  97  9:20  Zealot x3  
  82  9:37  Stalker x3, Warp Prism  
  86  9:48  High Templar  
  87  9:53  Zealot  
  87  9:58  Archon  
  87  9:59  Zealot x2  
  93  10:03  High Templar, Zealot  
  97  10:07  Observer  
  98  10:17  Zealot x3  
  104  10:22  Sentry, Zealot  
  108  10:31  Zealot x2  
  111  10:38  Zealot x3  
  111  10:41  Observer  
  106  10:50  Warp Prism  
  66  11:07  High Templar x2, Zealot x5  
  70  11:11  Zealot  
  72  11:29  Zealot x5  
  72  11:31  Observer  
  78  11:41  Zealot x3  
  82  11:58  Archon  
  82  11:59  Zealot  
  82  12:00  Zealot x4  
  82  12:01  Zealot  
  84  12:04  Zealot  
  78  12:20  Zealot x3  
  78  12:21  Zealot  
  78  12:22  Zealot  
  53  12:34  High Templar x3  
  57  12:42  High Templar, Zealot  
  57  12:43  Zealot x2  
  65  12:47  Zealot  
  67  12:55  Probe  
  67  12:56  Probe x2  
  69  13:09  High Templar x2, Zealot x4  
  81  13:13  Archon, Zealot  
  83  13:32  Stalker x4  
  79  13:35  Stalker  
  79  13:37  Archon  
  79  13:38  Warp Prism  
  69  13:42  Zealot x3  
  53  13:54  High Templar  
  53  13:55  Zealot x4  
  59  14:00  Probe x2  
  59  14:05  Zealot  
  59  14:06  Zealot  
  63  14:20  High Templar, Zealot x4  
  63  14:24  Observer  
  74  14:33  Zealot x3  
  74  14:41  Zealot x2  
  51  14:54  Observer  
  51  14:58  High Templar  
  43  15:01  High Templar  
  43  15:02  Zealot x2  
  43  15:06  Archon  
  49  15:16  High Templar  
  49  15:17  Zealot  
Tags
 
Add a new tag
Caveats
  • Supply blocks, unpowered buildings, or Contaminate may cause inaccurate times.
  • Supply counts are checked every 10 seconds.